AoeStats
← Outsider

Arabia

506444332Analyzed
1v1 RM · 20d ago on Sep 13, 2026· 62m 19s· 2 players
Game mode
Random Map
Map size
Tiny (2 player)
Population
200
Speed
Normal
Resources
Standard
Victory
Conquest
Starting age
Dark Age
Ending age
Imperial Age
RankedLock teamsTeams togetherTeam positionsShared explorationLock speedFull tech treeHidden civsTurbo modeCheats
Victory
Defeat
🇦🇺 Magyars · Australia
868
+19
🇹🇷 Chinese · Türkiye
897
-17
Jason
10:05 Feudal Age
8:22 Loom
16:38 Horse Collar
20:45 Double-Bit Axe
26:39 Castle Age
31:02 Bow Saw
31:32 Pikeman
31:44 Elite Skirmisher
34:44 Thumb Ring
36:53 Fletching
37:03 Padded Archer Armor
42:04 Forging
41:54 Scale Mail Armor
41:51 Bodkin Arrow
42:11 Leather Archer Armor
45:17 Iron Casting
50:22 Town Watch
53:13 Light Cavalry
55:24 Wheelbarrow
55:13 Heavy Plow
55:33 Bloodlines
56:19 Chain Mail Armor
56:19 Leather Archer Armor
57:09 Husbandry
Outsider
7:00 Loom
9:40 Feudal Age
10:38 Double-Bit Axe
26:48 Castle Age
26:39 Bloodlines
26:38 Scale Barding Armor
26:24 Fletching
26:41 Horse Collar
28:28 Husbandry
29:32 Bodkin Arrow
31:16 Padded Archer Armor
31:37 Chain Barding Armor
34:58 Leather Archer Armor
35:33 Wheelbarrow
35:46 Thumb Ring
41:35 Ballistics
42:43 Corvinian Army
43:14 Gold Mining
46:18 Hand Cart
52:27 Bow Saw
52:20 Heavy Plow
55:43 Imperial Age
55:57 Elite Magyar Huszar
57:01 Conscription
57:49 Parthian Tactics
Connection lost

Rejoining the realm…

Still unreachable

The connection could not be restored.

Session expired

The server has moved on; the page needs a fresh start.